 Dungeon Crawl Stone Soup version 0.29.0-13-gc9e81de378 (webtiles) character file.

Game seed: 16112039994056820324

546647 melvinkitnick the Metallomancer (level 26, -3/191 HPs)
             Began as a Gargoyle Earth Elementalist on Sept 7, 2022.
             Was the Champion of Vehumet.
             Shot with a bolt by a yaktaur captain (39 damage)
             ... on level 5 of the Vaults on Sept 10, 2022.
             The game lasted 04:33:50 (71033 turns).

melvinkitnick the Metallomancer (GrEE)             Turns: 71033, Time: 04:33:50

Health: -3/191     AC: 38    Str: 18 (19) XL:     26   Next: 17%
Magic:  45/45      EV: 14    Int: 35      God:    Vehumet [******]
Gold:   3942       SH:  8    Dex: 13      Spells: 7/62 levels left

rFire   + + .      SeeInvis +   N - staff of cold
rCold   + + .      Faith    .   L - +2 buckler {rF+}
rNeg    + + +      Spirit   .   J - +4 troll leather armour
rPois   ∞          Reflect  .   Y - +2 helmet {Int+3}
rElec   +          Harm     +   W - +1 cloak of the Hot Ocelot {rElec rN+++ rCorr Str+2}
rCorr   +          Rampage  .   v - +1 pair of gloves of Card Tricks {Contam Int+7}
Will    ++...      Clarity  +   u - +0 pair of boots "Reeth" {Harm rC+ Regen+}
Stlth   ++........              d - amulet of magic regeneration
HPRegen 2.01/turn               Z - ring "Temeesad" {rF+ MP+9}
MPRegen 0.69/turn               C - ring of Necs {Will+ MP-9 Str+2 Dex+3 SInv}

@: in a vortex, marked, flying, very slightly contaminated, studying 3 skills
A: sickness immunity, AC +20, big wings, negative energy resistance 1,
electricity resistance, torment resistance 1, petrification resistance, clarity,
deterioration 1, robust 1
}: 3/15 runes: decaying, serpentine, slimy
a: Renounce Religion


You were on level 5 of the Vaults.
You worshipped Vehumet.
Vehumet was exalted by your worship.
You visited 11 branches of the dungeon, and saw 51 of its levels.
You also visited: Gauntlet and Ice Cave.

You collected 7234 gold pieces.
You spent 3292 gold pieces at shops.

Inventory:

Hand Weapons
 B - the +1 dagger "Ceov" {vorpal, rPois Will+++ Str-4 Stlth-}
   (You found it on level 5 of the Pits of Slime)

   It inflicts extra damage upon your enemies.
   Str:       It affects your strength (-4).
   rPois:     It protects you from poison.
   Will:      It greatly increases your willpower.
   Stlth:     It makes you less stealthy.
 O - the +5 falchion of the Bequeathed God {holy, +Blink rC+ Str+4}
   (You found it on level 5 of the Pits of Slime)

   It has been blessed by the Shining One to cause great damage to the undead
   and demons.
   Str:       It affects your strength (+4).
   rC:        It protects you from cold.
   +Blink:    It lets you blink.
Missiles
 w - 7 silver javelins (quivered)
 A - 2 throwing nets
 Q - 28 javelins
Armour
 u - the +0 pair of boots "Reeth" (worn) {Harm rC+ Regen+}
   (You found it on level 3 of the Elven Halls)

   rC:        It protects you from cold.
   Regen:     It increases your rate of health regeneration.
   Harm:      It increases damage dealt and taken.
 v - the +1 pair of gloves of Card Tricks (worn) {Contam Int+7}
   (You found it on level 5 of the Pits of Slime)

   Int:       It affects your intelligence (+7).
   Contam:    It causes magical contamination when unequipped.
 H - a scarf of shadows
 J - a +4 troll leather armour (worn)
 L - a +2 buckler of fire resistance (worn)
 M - a +2 robe of the Archmagi
 W - the +1 cloak of the Hot Ocelot (worn) {rElec rN+++ rCorr Str+2}
   (You found it on level 2 of the Lair of Beasts)

   Str:       It affects your strength (+2).
   rElec:     It insulates you from electricity.
   rN:        It renders you almost immune to negative energy.
   rCorr:     It protects you from acid and corrosion.
 Y - a +2 helmet of intelligence (worn)
Magical Staves
 I - a staff of fire
 N - a staff of cold (weapon)
 P - a staff of earth
Jewellery
 d - an amulet of magic regeneration (around neck)
 e - the amulet of Voeq {rC++ Regen+ Int+6 Stlth+}
   (You found it on level 3 of the Crypt)

   [amulet of regeneration]

   Int:       It affects your intelligence (+6).
   rC:        It greatly protects you from cold.
   Regen:     It increases your rate of health regeneration.
   Stlth:     It makes you more stealthy.
 C - the ring of Necs (right hand) {Will+ MP-9 Str+2 Dex+3 SInv}
   (You found it in a Gauntlet)

   [ring of willpower]

   Str:       It affects your strength (+2).
   Dex:       It affects your dexterity (+3).
   MP:        It affects your magic capacity (-9).
   SInv:      It lets you see invisible.
   Will:      It increases your willpower.
 Z - a ring "Temeesad" (left hand) {rF+ MP+9}
   (You found it on level 3 of the Elven Halls)

   [ring of magical power]

   rF:        It protects you from fire.
   MP:        It affects your magic capacity (+9).
Wands
 q - a wand of digging (14)
 x - a wand of mindburst (29)
 y - a wand of quicksilver (45)
 F - a wand of iceblast (58)
Scrolls
 a - 13 scrolls of butterflies
 f - 6 scrolls of amnesia
 g - 7 scrolls of fear
 i - 28 scrolls of teleportation
 j - 3 scrolls of magic mapping
 t - 2 scrolls of summoning
 E - 7 scrolls of blinking
 G - 11 scrolls of poison
 K - 8 scrolls of immolation
 R - 10 scrolls of silence
 S - 2 scrolls of vulnerability
Potions
 b - 3 potions of magic
 c - 6 potions of invisibility
 k - 7 potions of resistance
 l - 6 potions of cancellation
 n - 14 potions of curing
 o - 6 potions of haste
 r - 5 potions of berserk rage
 z - 10 potions of mutation
 D - 4 potions of brilliance
 T - 2 potions of ambrosia
 V - 12 potions of heal wounds
Miscellaneous
 h - a phantom mirror
 m - a lightning rod (4/4)
 p - a phial of floods
 s - a box of beasts
 U - a tin of tremorstones (2/2)
 X - a condenser vane


   Skills:
 - Level 20.0 Fighting
 - Level 8.0 Staves
 - Level 8.0 Armour
 - Level 8.0 Dodging
 - Level 2.1 Stealth
 - Level 8.0 Shields
 + Level 18.5 Spellcasting
 - Level 15.0 Conjurations
 * Level 13.0 Hexes
 + Level 3.2 Necromancy
 - Level 4.0 Translocations
 - Level 8.0 Transmutations
 - Level 20.0 Ice Magic
 - Level 22.0 Earth Magic
 - Level 8.0 Evocations


You had 7 spell levels left.
You knew the following spells:

 Your Spells              Type           Power      Damage    Failure   Level
c - Stone Arrow           Conj/Erth      100%       3d13      0%          3
d - Yara's Violent Unrav  Hex/Tmut       41%        3d16      1%          5
f - Ozocubu's Refrigerat  Ice            65%        4d22      1%          7
g - Iron Shot             Conj/Erth      52%        9d10      1%          6
h - Shatter               Erth           56%        3d42*     5%          9
i - Passwall              Tmut/Erth      79%        N/A       0%          2
t - Enfeeble              Hex            44%        N/A       6%          7
u - Blink                 Tloc           100%       N/A       1%          2
v - Polar Vortex          Ice            65%        N/A       11%         9
x - Irradiate             Conj/Tmut      42%        3d25      1%          5

Your spell library contained the following spells:

 Spells                   Type           Power      Damage    Failure   Level
 Ignition                 Fire           16%        3d6       100%        8
 Sandblast                Erth           100%       2d20      0%          1
 Slow                     Hex            100%       N/A       0%          1
 Ensorcelled Hibernation  Hex/Ice        100%       N/A       0%          2
 Dazzling Flash           Conj/Hex       100%       N/A       0%          3
 Ozocubu's Armour         Ice            100%       N/A       0%          3
 Hailstorm                Conj/Ice       100%       3d20      0%          4
 Leda's Liquefaction      Hex/Erth       50%        N/A       0%          4
 Shock                    Conj/Air       100%       1d9       1%          1
 Sting                    Tmut/Pois      100%       1d8       1%          1
 Poisonous Vapours        Pois/Air       64%        N/A       1%          2
 Confusing Touch          Hex            89%        N/A       1%          3
 Conjure Flame            Conj/Fire      71%        6-21      1%          3
 Gell's Gravitas          Tloc           57%        N/A       1%          3
 Ignite Poison            Fire/Tmut/Pois 50%        N/A       1%          3
 Portal Projectile        Hex/Tloc       100%       N/A       1%          3
 Spider Form              Tmut/Pois      57%        N/A       1%          3
 Teleport Other           Tloc           57%        N/A       1%          3
 Tukima's Dance           Hex            89%        N/A       1%          3
 Vampiric Draining        Necr           53%        2d9       1%          3
 Anguish                  Hex/Necr       37%        N/A       1%          4
 Animate Armour           Summ/Erth      100%       N/A       1%          4
 Cause Fear               Hex            44%        N/A       1%          4
 Ice Form                 Ice/Tmut       100%       N/A       1%          4
 Iskenderun's Mystic Bla  Conj/Tloc      78%        2d16      1%          4
 Petrify                  Tmut/Erth      95%        N/A       1%          4
 Sticky Flame             Conj/Fire      71%        2d8       1%          4
 Blade Hands              Tmut           36%        N/A       1%          5
 Freezing Cloud           Conj/Ice/Air   53%        6-21      1%          5
 Lightning Bolt           Conj/Air       35%        1d53      1%          5
 Metabolic Englaciation   Hex/Ice        61%        N/A       1%          5
 Simulacrum               Ice/Necr       53%        N/A       1%          6
 Orb of Destruction       Conj           47%        9d12      1%          7
 Silence                  Hex/Air        33%        N/A       2%          5
 Passage of Golubria      Tloc           57%        N/A       3%          4
 Conjure Ball Lightning   Conj/Air       35%        3x3d11    3%          6
 Swiftness                Air            32%        N/A       4%          3
 Airstrike                Air            16%        2d(3-19)  4%          4
 Animate Dead             Necr           53%        N/A       4%          4
 Olgreb's Toxic Radiance  Pois           32%        N/A       4%          4
 Alistair's Intoxication  Tmut/Pois      38%        N/A       9%          5
 Manifold Assault         Tloc           57%        N/A       9%          5
 Agony                    Necr           53%        N/A       11%         5
 Eringya's Noxious Bog    Tmut/Pois      28%        N/A       12%         6
 Summon Lightning Spire   Summ/Air       32%        N/A       16%         4
 Dispersal                Tloc           28%        N/A       41%         6
 Dragon Form              Tmut           36%        N/A       43%         7
 Storm Form               Tmut/Air       28%        N/A       94%         7
 Malign Gateway           Summ/Tloc      23%        N/A       99%         7
 Haunt                    Necr/Summ      21%        N/A       100%        7
 Lehudib's Crystal Spear  Conj/Erth      52%        10d12     1%          8
 Discord                  Hex            44%        N/A       43%         8
 Borgnjor's Revivificati  Necr           26%        N/A       100%        8
 Disjunction              Tloc           28%        N/A       100%        8
 Infestation              Necr           26%        N/A       100%        8
 Maxwell's Capacitive Co  Air            16%        ∞         100%        8
 Necromutation            Tmut/Necr      32%        N/A       100%        8
 Summon Horrible Things   Summ           16%        N/A       100%        8
 Chain Lightning          Conj/Air       35%        3d47      100%        9
 Death's Door             Necr           26%        N/A       100%        9
 Dragon's Call            Summ           16%        N/A       100%        9
 Fire Storm               Conj/Fire      35%        8d9       100%        9
 Sublimation of Blood     Necr           Unusable   N/A       N/A         2
 Statue Form              Tmut/Erth      Unusable   N/A       N/A         6

Dungeon Overview and Level Annotations

Branches:
Dungeon (15/15)            Temple (1/1) D:7            Lair (5/5) D:11
  Swamp (4/4) Lair:2        Snake (4/4) Lair:3        Slime (5/5) Lair:5
    Orc (2/2) D:10            Elf (3/3) Orc:2        Vaults (5/5) D:14
  Crypt (3/3) Vaults:2       Tomb (0/3) Crypt:3      Depths (4/4) D:15
    Zot (0/5) Depths:4      IceCv (visited)         Gauntlet (visited)

Altars:
Ashenzari
Cheibriados
Dithmenos
Elyvilon
Fedhas
Gozag
Hepliaklqana
Kikubaaqudgha
Makhleb
Nemelex Xobeh
Okawaru
Qazlal
Ru
Sif Muna
Trog
Uskayaw
Vehumet
Wu Jian
Xom
Yredelemnul
Zin
The Shining One
Jiyva

Shops:
D:9 *   D:15 =   Orc:1 ([   Orc:2 [*=(   Elf:2 [(   Snake:2 [[   Snake:4 [?!?(
Vaults:5 !   Depths:3 *[   Depths:4 =

Portals:
Hell: Depths:1 Depths:2 Depths:3 Depths:4
Abyss: Depths:3
Pandemonium: Depths:1 Depths:2
Ziggurat: Depths:2

Annotations:
Elf:2 6 runed translucent doors, Soammui's ghost, adept MiBe
Crypt:2 3 runed translucent doors, Osipn's ghost, veteran MiGl


Innate Abilities, Weirdness & Mutations

You are immune to sickness and miasma.
Your stone body is resilient. (AC +20)
You are immune to poison.
Your large and strong wings let you fly.
You resist negative energy. (rN+)
You are resistant to electric shocks. (rElec)
You are resistant to unholy torment.
You are immune to petrification.
You possess an exceptional clarity of mind.
Your body sometimes deteriorates upon taking damage.
You are robust. (+10% HP)


Message History

Vehumet accepts your kill.
You feel your power returning.
You kill the ettin!
Vehumet accepts your kill.
You feel your power returning.
The yaktaur captain shoots a bolt.
The bolt hits you!
* * * LOW HITPOINT WARNING * * *
An ironbound preserver comes into view.
It is wielding a +0 flail of holy wrath.
An ironbound preserver comes into view.
It is wielding a +1 dire flail of venom.
The titan gestures wildly while chanting.
The titan is healed somewhat.
You feel your intelligence returning.
Blink to where?
Press: ? - help, Dir - move target 2 humans, a deep elf sorcerer, a green ugly thing and a yaktaur captain come into view.
A vault warden is wielding a +1 great sword of draining.
A vault sentinel is wielding a +0 vorpal war axe.
The yaktaur captain is wielding a staff of death.
As you read the scroll of blinking, it crumbles to dust.
You kill the deep elf sorcerer!
Vehumet accepts your kill.
You feel your power returning.
A green ugly thing comes into view.
The vault sentinel blows a loud note on a signal horn!
The ironbound preserver mumbles some strange words.
The ironbound preserver is healed somewhat.
Unknown command.
Unknown command.
You kill the ironbound preserver!
Vehumet accepts your kill.
You feel your power returning.
You kill the green very ugly thing!
Vehumet accepts your kill.
You feel your power returning.
You kill the ironbound preserver!
Vehumet accepts your kill.
You feel your power returning.
You kill the green very ugly thing!
Vehumet accepts your kill.
You feel your power returning.
Magic restored.
The yaktaur captain shoots a bolt.
The bolt hits you!!
You die...

.)##........#.).).)...=#
#.).)....§§§§)§†......##
)#).......§..§§((....?#
).#§§§§§§§D§§§()C...###
..§§§§§§§§§§§D(...###
..#§§§§§§§§§§§.....#
..§§§§§§§§§§§)c.D.....
..§§§§§§§§§§§...W......
..§§§§§@§§§§§)..e).....
..§§§§§§§§§§§...)......
#.§§§§§§§§§§§.....#####
#.§§§§§§§§§§§.......
#.§§§§§§§§u§§....)..
.#§§§§§§§p§§§.......
#u.c.......)......
.......)..#.p....
.##.....#..####


You could see an iron dragon, a golden dragon, a vault warden, 2 yaktaur
captains, 2 ugly things and a vault sentinel (catching breath).

Vanquished Creatures
  the Royal Jelly (Slime:5)
  2 dread liches (Crypt:3)
  An ancient lich (Crypt:3)
  A juggernaut (Depths:1)
  Frederick (Crypt:1)
  Vashnia (Snake:2)
  2 bone dragons
  3 tentacled monstrosities
  Asterion (Elf:2)
  Mlioglotl (Swamp:4)
  17 acid blobs
  5 titans (Vaults:5)
  A quicksilver dragon (Depths:3)
  5 deep elf blademasters (Elf:3)
  Rupert (Orc:2)
  2 liches
  3 ancient champions
  3 deep elf master archers (Elf:3)
  9 sphinxes
  5 tengu reavers
  A thorn hunter (Swamp:4)
  Frances (Elf:1)
  4 storm dragons
  5 shadow dragons
  A draconian monk (Depths:4)
  3 nagarajas (Snake:4)
  4 revenants
  13 rockslimes
  7 azure jellies
  11 fire giants
  A juggernaut zombie (D:15)
  2 caustic shrike zombies (Crypt:3)
  19 vault wardens
  Aizul (Snake:2)
  An iron dragon (Depths:2)
  5 frost giants
  9 deep elf sorcerers
  A draconian stormcaller (Depths:4)
  2 curse skulls
  2 orc warlords
  3 deep elf elementalists (Elf:3)
  3 spriggan defenders
  8 ghouls
  20 ironbound preservers
  2 caustic shrike skeletons (Crypt:3)
  A reaper (Crypt:2)
  8 quicksilver oozes
  5 war gargoyles
  A juggernaut skeleton (D:15)
  13 stone giants
  6 ironbound thunderhulks
  2 green draconians (Depths:4)
  A minotaur (Gauntlet)
  32 very ugly things
  10 vampire knights
  Azrael (Orc:2)
  A red draconian (Depths:4)
  4 deep elf demonologists
  A white draconian (IceCv)
  A black draconian (Depths:4)
  6 eleionomae
  2 entropy weavers
  9 deep elf annihilators
  4 bunyips
  2 yellow draconians (Depths:4)
  A rockslime zombie (Crypt:2)
  2 eidola
  10 spark wasps
  7 deep elf death magi
  5 ettins
  2 merfolk javelineers
  Josephine (Swamp:1)
  5 jiangshi
  2 merfolk impalers (Depths:3)
  4 deep elf high priests
  2 fire dragons (Depths:4)
  The ghost of sentinel the Severer, a journeyman MiFi of Gozag (D:12)
  13 great orbs of eyes
  2 shambling mangroves
  31 vault guards
  3 salamander tyrants (Snake:4)
  14 ice dragons
  A great orb of eyes (shapeshifter) (Vaults:5)
  3 boulder beetles
  13 yaktaur captains
  A rakshasa (Depths:2)
  2 spriggan skeletons (Crypt:3)
  A hell beast (Depths:2)
  4 spriggan air magi
  15 centaur warriors
  20 hydras
  2 catoblepae
  2 death knights (Crypt:1)
  5 anacondas
  16 ironbound frosthearts
  A jorogumo (shapeshifter) (Depths:1)
  A ghost crab (Swamp:4)
  17 alligators
  5 two-headed ogres
  17 naga warriors
  12 dancing weapons
  7 tengu warriors
  4 deep troll shamans
  10 death yaks
  7 deep troll earth magi
  A hell hog (Depths:2)
  17 naga sharpshooters
  4 spriggan berserkers (Depths:4)
  4 vampire magi
  14 hell knights
  An orc high priest (Orc:2)
  4 shock serpents
  A titan skeleton (Crypt:3)
  A storm dragon zombie (Crypt:3)
  3 soul eaters
  7 deep elf knights
  8 salamander mystics
  A sixfirhy (D:12)
  9 sea snakes
  2 shadow wraiths (Crypt:2)
  A sun demon (D:12)
  8 goliath frogs
  7 iron trolls
  A storm dragon skeleton (D:15)
  2 glowing orange brains (Slime:5)
  A quicksilver dragon simulacrum (Depths:2)
  57 skeletal warriors
  An obsidian statue (Vaults:3)
  6 flayed ghosts
  5 spriggan druids
  12 swamp dragons
  67 deep trolls
  An orange crystal statue (IceCv)
  6 naga ritualists
  A swamp dragon (shapeshifter) (D:13)
  17 lindwurms
  9 bog bodies
  11 necromancers
  7 phantasmal warriors
  5 deep elf archers
  17 deep elf pyromancers
  7 wizards
  11 mana vipers
  A harpy (shapeshifter) (D:9)
  23 ironbound convokers
  25 deep elf zephyrmancers
  A frost giant zombie (Vaults:3)
  9 orc knights
  2 shining eyes (shapeshifter)
  46 ugly things
  A fire giant zombie (Vaults:4)
  6 cyclopes
  A jorogumo zombie (Crypt:2)
  4 shining eyes
  4 orc sorcerers
  4 will-o-the-wisps
  2 oklob plants
  A manticore (D:15)
  2 sphinx skeletons
  The ghost of gabibbone the Covert, a novice TeBr of Wu Jian (D:5)
  Joseph (D:10)
  22 salamanders
  8 elephants
  A rust devil (D:12)
  19 vault sentinels
  5 fire giant skeletons (Crypt:3)
  7 guardian serpents
  19 black mambas
  4 human skeletons
  22 naga magi
  A smoke demon (D:12)
  A molten gargoyle (Lair:3)
  5 gargoyles
  An orange demon (D:12)
  2 torpor snails
  5 eyes of devastation
  22 cane toads
  A shock serpent skeleton (Crypt:1)
  10 komodo dragons
  3 freezing wraiths
  3 unseen horrors
  2 elf zombies
  2 kobold demonologists (D:14)
  8 rime drakes
  An alligator snapping turtle skeleton (Crypt:3)
  A rime drake (shapeshifter) (D:14)
  A green draconian skeleton (Crypt:2)
  19 yaktaurs
  4 tengu conjurers
  10 tyrant leeches
  An ice devil (D:12)
  A guardian mummy (Crypt:3)
  A yaktaur skeleton (Vaults:4)
  10 trolls
  2 bloated husks (Swamp:1)
  A meliai (shapeshifter) (Vaults:5)
  A red devil (D:12)
  A meliai (D:9)
  12 polar bears
  A tengu simulacrum (Vaults:3)
  A raiju (Gauntlet)
  88 slime creatures
  3 harpy skeletons (Crypt:3)
  9 hornets
  24 blink frogs (Lair:5)
  13 dream sheep
  2 human simulacra
  A stone giant simulacrum (Vaults:4)
  A satyr skeleton (Crypt:1)
  A vampire (D:10)
  7 shadows
  3 air elementals
  A centaur simulacrum (D:14)
  7 spriggans
  4 wyverns
  19 wraiths
  11 fire dragon skeletons (Crypt:3)
  A slime creature zombie (Crypt:2)
  19 water elementals
  An ushabti (Crypt:3)
  39 yaks
  A ynoxinul (D:12)
  12 golden eyes
  7 fire elementals
  23 vampire mosquitoes
  2 elf skeletons
  3 steam dragons
  A redback (Vaults:3)
  7 basilisks
  A fire bat zombie (Crypt:2)
  6 wargs
  7 acid dragons
  2 glowing shapeshifter zombies
  3 human zombies
  9 swamp worms
  55 nagas
  A faun zombie (Crypt:2)
  3 hell hounds (Orc:2)
  18 water moccasins
  A floating eye (Slime:2)
  3 glowing shapeshifter skeletons (Vaults:2)
  12 swamp drakes
  A sky beast (D:7)
  A snapping turtle zombie (Crypt:1)
  A black bear (D:7)
  A boggart (Vaults:1)
  An ettin simulacrum (Vaults:2)
  25 orc warriors
  3 ice beasts
  7 ogres
  A wolf (shapeshifter) (Depths:3)
  7 centaurs
  21 wolves
  A phantom (D:4)
  A hog skeleton (Crypt:1)
  2 kobold brigands
  A draconian zombie (Crypt:2)
  15 bullfrogs
  8 necrophages
  2 gnoll sergeants
  5 earth elementals
  A glowing shapeshifter simulacrum (Vaults:3)
  A cyclops skeleton (Crypt:1)
  10 wights
  A wyvern skeleton (Crypt:2)
  2 spriggan zombies
  A hornet simulacrum (D:14)
  A raiju zombie (Crypt:2)
  A yak skeleton (Crypt:1)
  3 killer bees (D:9)
  6 howler monkeys
  2 lava snakes (Lair:3)
  3 electric eels
  9 quasits
  3 hounds
  15 orc priests
  A gnoll bouda (Orc:2)
  Ijyb (D:4)
  2 lightning spires (Gauntlet)
  23 orc wizards
  6 iguanas
  9 mummies (Crypt:3)
  A howler monkey zombie (Crypt:1)
  13 gnolls
  6 adders
  A shadow imp (D:8)
  A white imp (D:7)
  3 ufetubi
  2 worms
  A dart slug (D:5)
  83 orcs
  4 endoplasms
  5 giant cockroaches
  9 goblins
  13 hobgoblins
  6 jackals
  2 quokkas
  3 training dummies (Elf:2)
  11 ball pythons
  4 bats
  3 frilled lizards
  A hobgoblin skeleton (Crypt:2)
  17 kobolds
  2 rats (D:1)
  A spectral hobgoblin (D:5)
  A toadstool (D:1)
2116 creatures vanquished.

Vanquished Creatures (collateral kills)
  A giant cockroach (D:2)
1 creature vanquished.

Vanquished Creatures (others)
  A vampire knight (Depths:4)
  A rime drake (IceCv)
  A polar bear (IceCv)
  3 bloated husks (Swamp:4)
  A bush (Lair:5)
  30 demonic plants
  14 foxfires
  39 fungi
  192 plants
  2 toadstools (D:1)
  66 withered plants
350 creatures vanquished.

Grand Total: 2467 creatures vanquished

Notes
Turn   | Place    | Note
-------+----------+-------------------------------------------
     0 | D:1      | melvinkitnick the Gargoyle Earth Elementalist began the
                  | quest for the Orb.
     0 | D:1      | Reached XP level 1. HP: 10/10 MP: 3/3
   159 | D:1      | Found a faded altar of an unknown god.
   162 | D:1      | Reached skill level 4 in Earth Magic
   232 | D:1      | Reached XP level 2. HP: 15/15 MP: 3/5
  1132 | D:2      | Reached XP level 3. HP: 19/19 MP: 4/6
  1136 | D:2      | Learned a level 3 spell: Stone Arrow
  1345 | D:2      | Reached skill level 5 in Earth Magic
  1633 | D:2      | Reached XP level 4. HP: 24/24 MP: 5/8
  2597 | D:3      | Reached XP level 5. HP: 28/28 MP: 6/9
  2707 | D:3      | Found an ancient bone altar of Kikubaaqudgha.
  2738 | D:3      | Reached skill level 6 in Earth Magic
  3310 | D:4      | Found a glowing silver altar of Zin.
  3361 | D:4      | Reached skill level 1 in Conjurations
  3361 | D:4      | Reached XP level 6. HP: 22/33 MP: 10/12
  3465 | D:4      | Reached skill level 1 in Fighting
  3475 | D:4      | Noticed Ijyb
  3481 | D:4      | Killed Ijyb
  3873 | D:4      | Found a bloodstained altar of Trog.
  3873 | D:4      | Found an iron altar of Okawaru.
  3876 | D:4      | Reached XP level 7. HP: 40/40 MP: 13/13
  4298 | D:5      | Entered Level 5 of the Dungeon
  4583 | D:5      | Identified the +7 quarterstaff "Gargoyle's Regret"
                  | {protect, Str+3 Dex+4}
  4792 | D:5      | Reached skill level 5 in Fighting
  4792 | D:5      | Reached XP level 8. HP: 49/49 MP: 4/14
  4948 | D:5      | Found a runed translucent door.
  4950 | D:5      | Noticed gabibbone's ghost (novice TeBr)
  4971 | D:5      | Reached skill level 7 in Earth Magic
  5036 | D:5      | Found a snail-covered altar of Cheibriados.
  5423 | D:5      | Found a hazy altar of Hepliaklqana.
  5660 | D:5      | Reached skill level 8 in Earth Magic
  6035 | D:6      | Reached skill level 9 in Earth Magic
  6795 | D:7      | Found a staircase to the Ecumenical Temple.
  6802 | D:7      | Reached XP level 9. HP: 56/56 MP: 2/15
  6806 | Temple   | Entered the Ecumenical Temple
  6916 | Temple   | Became a worshipper of Vehumet
  7235 | D:7      | Reached skill level 10 in Earth Magic
  7412 | D:7      | Found a stormy altar of Qazlal.
  8582 | D:8      | Reached skill level 5 in Conjurations
  9574 | D:8      | Noticed a hornet
  9576 | D:8      | Killed a hornet
  9577 | D:8      | Reached XP level 10. HP: 65/65 MP: 13/17
  9702 | D:9      | Reached skill level 1 in Evocations
  9794 | D:9      | Found Saetwer's General Store.
  9897 | D:9      | Reached skill level 5 in Spellcasting
 10264 | D:9      | Reached * piety under Vehumet
 10264 | D:9      | Offered knowledge of Magic Dart by Vehumet.
 11138 | D:9      | Noticed a catoblepas
 11554 | D:9      | Identified the +7 quarterstaff of Light {speed, Str+2 SInv}
 11559 | D:9      | Noticed a cyclops
 11588 | D:9      | Killed a cyclops
 11589 | D:9      | Reached XP level 11. HP: 60/72 MP: 4/20
 11710 | D:9      | Killed a catoblepas
 11711 | D:9      | Reached skill level 10 in Fighting
 11769 | D:9      | Noticed a centaur warrior
 11780 | D:9      | Killed a centaur warrior
 11867 | D:9      | Noticed a skeletal warrior
 11868 | D:9      | Noticed a moth of wrath
 11920 | D:9      | Killed a skeletal warrior
 12069 | D:9      | Noticed a harpy
 12072 | D:9      | Killed a harpy
 12197 | D:9      | Identified the ring of Neuti {Ice rElec}
 12197 | D:9      | Noticed a centaur warrior
 12203 | D:9      | Killed a centaur warrior
 12332 | D:9      | Found a sacrificial altar of Ru.
 12400 | D:10     | Entered Level 10 of the Dungeon
 12684 | D:10     | Reached ** piety under Vehumet
 12684 | D:10     | Offered knowledge of Static Discharge by Vehumet.
 12924 | D:10     | Noticed Joseph
 12930 | D:10     | Killed Joseph
 13201 | D:10     | Offered knowledge of Mephitic Cloud by Vehumet.
 13215 | D:10     | Found a staircase to the Orcish Mines.
 13783 | D:11     | Found a staircase to the Lair.
 13785 | D:11     | Noticed an oklob plant
 13790 | D:11     | Killed an oklob plant
 13791 | D:11     | Reached skill level 1 in Transmutations
 13791 | D:11     | Reached skill level 1 in Ice Magic
 13794 | D:11     | Learned a level 2 spell: Passwall
 13800 | D:11     | Learned a level 5 spell: Irradiate
 13808 | D:11     | Learned a level 7 spell: Ozocubu's Refrigeration
 13892 | D:11     | Reached *** piety under Vehumet
 14058 | D:11     | Reached XP level 12. HP: 65/81 MP: 24/24
 14122 | D:11     | Noticed a two-headed ogre
 14128 | D:11     | Killed a two-headed ogre
 14198 | D:11     | Noticed a centaur warrior
 14207 | D:11     | Killed a centaur warrior
 14651 | D:11     | Found an ornate altar of the Wu Jian Council.
 14948 | Lair:1   | Entered Level 1 of the Lair of Beasts
 14977 | Lair:1   | Noticed a death yak
 14992 | Lair:1   | Killed a death yak
 15098 | Lair:1   | Noticed a six-headed hydra
 15103 | Lair:1   | Killed a six-headed hydra
 15103 | Lair:1   | Offered knowledge of Dazzling Flash by Vehumet.
 15131 | Lair:1   | Reached skill level 5 in Transmutations
 15327 | Lair:1   | Noticed a death yak
 15346 | Lair:1   | Noticed a death yak
 15347 | Lair:1   | Killed a death yak
 15348 | Lair:1   | Reached skill level 5 in Ice Magic
 15348 | Lair:1   | Noticed a death yak
 15395 | Lair:1   | Killed a death yak
 15408 | Lair:1   | Killed a death yak
 16257 | Lair:2   | Reached XP level 13. HP: 86/86 MP: 12/25
 16434 | Lair:2   | Reached **** piety under Vehumet
 16469 | Lair:2   | Identified the +1 cloak of the Hot Ocelot {rElec rN+++
                  | rCorr Str+2}
 16503 | Lair:2   | Offered knowledge of Frozen Ramparts by Vehumet.
 16639 | Lair:2   | Found a staircase to the Swamp.
 16943 | Lair:2   | Identified the +5 chain mail of Lugonu's Delight {rN+
                  | Stlth+}
 18175 | Lair:3   | Found a staircase to the Snake Pit.
 18360 | Lair:3   | Reached skill level 10 in Ice Magic
 18840 | Lair:3   | Reached ***** piety under Vehumet
 18840 | Lair:3   | Offered knowledge of Fireball by Vehumet.
 19760 | Lair:4   | Gained mutation: Your large and strong wings let you fly.
                  | [Gargoyle growth]
 19760 | Lair:4   | Reached XP level 14. HP: 73/92 MP: 26/26
 20428 | Lair:5   | Entered Level 5 of the Lair of Beasts
 21238 | Lair:5   | Reached skill level 5 in Evocations
 21413 | Lair:5   | Reached skill level 5 in Dodging
 21417 | Lair:5   | Offered knowledge of Iskenderun's Battlesphere by Vehumet.
 21686 | Lair:5   | Identified the +5 long sword "Piesutz" {vorpal, rElec Str-2
                  | Dex+9}
 21720 | Lair:5   | Found a runed translucent door.
 21720 | Lair:5   | Found a viscous altar of Jiyva.
 21721 | Lair:5   | Noticed an acid blob
 21722 | Lair:5   | Found a staircase to the Slime Pits.
 22191 | D:12     | Found a runed translucent gate.
 22191 | D:12     | Found a runed translucent gate.
 22196 | D:12     | Noticed sentinel's ghost (journeyman MiFi)
 22197 | D:12     | Found a runed translucent gate.
 22256 | D:12     | Found a gate leading to a gauntlet.
 22266 | Gauntlet | Entered a Gauntlet
 22266 | Gauntlet | Found a transporter.
 22323 | Gauntlet | Found a transporter.
 22340 | Gauntlet | Found a transporter.
 22344 | Gauntlet | Found a transporter.
 22365 | Gauntlet | Found a transporter.
 22378 | Gauntlet | Found a transporter.
 22385 | Gauntlet | Found a transporter.
 22389 | Gauntlet | Found a transporter.
 22412 | Gauntlet | Found a transporter.
 22441 | Gauntlet | Found a transporter.
 22441 | Gauntlet | Found a transporter.
 22446 | Gauntlet | Found a transporter.
 22638 | Gauntlet | Identified the ring of Necs {Will+ MP-9 Str+2 Dex+3 SInv}
 22865 | Gauntlet | Got the Omnibus of Transforming Frostbite
 23236 | D:12     | Reached XP level 15. HP: 97/97 MP: 24/27
 24689 | D:13     | Offered knowledge of Spellforged Servitor by Vehumet.
 24887 | D:13     | Reached skill level 10 in Conjurations
 27186 | D:14     | Found a gate to the Vaults.
 27460 | D:15     | Entered Level 15 of the Dungeon
 28352 | D:15     | Reached XP level 16. HP: 105/105 MP: 13/28
 28503 | D:15     | Found a staircase to the Depths.
 28521 | D:15     | Reached skill level 15 in Ice Magic
 28662 | D:15     | Found Ankos's Jewellery Emporium.
 29472 | D:5      | Killed gabibbone's ghost
 29472 | D:5      | Offered knowledge of Orb of Destruction by Vehumet.
 29481 | D:5      | Learned a level 7 spell: Orb of Destruction
 29637 | D:9      | Bought a potion of haste for 140 gold pieces
 29637 | D:9      | Bought a scroll of amnesia for 56 gold pieces
 29770 | Orc:1    | Entered Level 1 of the Orcish Mines
 29770 | Orc:1    | Found Duif's Armour Shoppe.
 29777 | Orc:1    | Found Taotife's Antique Weapon Shop.
 30056 | Orc:1    | Found a runed translucent door.
 30486 | Orc:2    | Entered Level 2 of the Orcish Mines
 30786 | Orc:2    | Noticed Rupert
 31490 | Orc:2    | Noticed Azrael
 31495 | Orc:2    | Killed Azrael
 31630 | Orc:2    | Found a staircase to the Elven Halls.
 31975 | Orc:2    | Found Uquov's Jewellery Shop.
 32010 | Orc:2    | Found Huseunko's Antique Weapon Shop.
 32051 | Orc:2    | Found Pysma's General Store.
 32077 | Orc:2    | Found Sel Rey's Antique Armour Shop.
 32511 | Orc:2    | Bought an embroidered scarf for 288 gold pieces
 32716 | Snake:1  | Entered Level 1 of the Snake Pit
 34262 | Snake:2  | Noticed Aizul
 34286 | Snake:2  | Killed Aizul
 34536 | Snake:2  | Offered knowledge of Iron Shot by Vehumet.
 35076 | Snake:2  | Found Vitium's Armour Shop.
 35081 | Snake:2  | Found Itul's Armour Shop.
 35144 | Snake:2  | Learned a level 6 spell: Iron Shot
 35893 | Snake:2  | Reached XP level 17. HP: 112/112 MP: 16/30
 36287 | Snake:2  | Reached skill level 15 in Fighting
 36412 | Snake:2  | Reached skill level 11 in Earth Magic
 36763 | Snake:3  | Noticed Vashnia
 37138 | Snake:2  | Killed Vashnia
 37139 | Snake:2  | Reached skill level 10 in Spellcasting
 37139 | Snake:2  | Reached skill level 12 in Earth Magic
 37990 | Snake:3  | Offered knowledge of Starburst by Vehumet.
 37991 | Snake:3  | Reached skill level 13 in Earth Magic
 38214 | Snake:3  | Identified a scroll of acquirement
 38215 | Snake:3  | Acquired a +1 helmet of intelligence
 38850 | Snake:4  | Entered Level 4 of the Snake Pit
 38850 | Snake:4  | Found Ruon's Antique Weapon Shoppe.
 38884 | Snake:4  | Found Zuekhiomp's Magic Scroll Emporium.
 39375 | Snake:4  | Bought a scroll of blinking for 142 gold pieces
 39375 | Snake:4  | Bought a scroll of enchant armour for 142 gold pieces
 39425 | Snake:4  | Found Zaireanu's Magic Scroll Boutique.
 39433 | Snake:4  | Bought a scroll of enchant armour for 112 gold pieces
 39433 | Snake:4  | Bought a scroll of enchant armour for 112 gold pieces
 39523 | Snake:4  | Found Tief Mey's Distillery.
 39526 | Snake:4  | Bought a potion of haste for 190 gold pieces
 39526 | Snake:4  | Bought a potion of magic for 152 gold pieces
 39553 | Snake:4  | Reached skill level 14 in Earth Magic
 40095 | Snake:4  | Found Putosk's Antique Armour Shoppe.
 40454 | Snake:4  | Reached skill level 15 in Earth Magic
 40483 | Snake:4  | Reached XP level 18. HP: 108/119 MP: 9/33
 40961 | Snake:4  | Offered knowledge of Ignition by Vehumet.
 41588 | Snake:4  | Got a serpentine rune of Zot
 41701 | Snake:4  | Bought a pair of runed gloves for 247 gold pieces
 41754 | Snake:4  | Bought 2 potions of resistance for 380 gold pieces
 41754 | Snake:4  | Bought a potion of resistance for 190 gold pieces
 41754 | Snake:4  | Bought a potion of resistance for 190 gold pieces
 41754 | Snake:4  | Bought 2 potions of heal wounds for 190 gold pieces
 41754 | Snake:4  | Bought 2 potions of heal wounds for 190 gold pieces
 41946 | Swamp:1  | Entered Level 1 of the Swamp
 41946 | Swamp:1  | Noticed Josephine
 41950 | Swamp:1  | Killed Josephine
 41951 | Swamp:1  | Reached skill level 16 in Earth Magic
 43431 | Swamp:2  | Reached skill level 17 in Earth Magic
 43946 | Swamp:2  | Identified the +7 long sword "Worm" {freeze, rN+++ Will-
                  | Int-5 Dex+2}
 44325 | Swamp:2  | You are sucked into a shaft and drop 1 floor!
 44382 | Swamp:3  | Reached skill level 18 in Earth Magic
 44502 | Swamp:3  | Found a frozen archway.
 44517 | IceCv    | Entered an ice cave
 44823 | IceCv    | Reached ****** piety under Vehumet
 45246 | IceCv    | Reached skill level 19 in Earth Magic
 45629 | IceCv    | Reached XP level 19. HP: 117/124 MP: 29/35
 45928 | IceCv    | Learned a level 9 spell: Shatter
 46335 | Swamp:3  | Offered knowledge of Lehudib's Crystal Spear by Vehumet.
 46335 | Swamp:3  | Offered knowledge of Ignition by Vehumet.
 46335 | Swamp:3  | Offered knowledge of Maxwell's Capacitive Coupling by
                  | Vehumet.
 46360 | Swamp:3  | Reached skill level 20 in Earth Magic
 46516 | Swamp:3  | Noticed a tentacled monstrosity
 46532 | Swamp:3  | Killed a tentacled monstrosity
 46975 | Swamp:4  | Entered Level 4 of the Swamp
 46978 | Swamp:4  | Reached skill level 1 in Staves
 47227 | Swamp:4  | Noticed Mlioglotl
 47230 | Swamp:4  | Killed Mlioglotl
 47581 | Swamp:4  | Got a decaying rune of Zot
 47696 | Swamp:4  | Reached skill level 21 in Earth Magic
 48585 | D:12     | Killed sentinel's ghost
 48692 | Vaults:1 | Entered Level 1 of the Vaults
 49309 | Vaults:1 | Reached skill level 22 in Earth Magic
 49315 | Vaults:1 | Learned a level 5 spell: Yara's Violent Unravelling
 49339 | Vaults:1 | Reached XP level 20. HP: 129/129 MP: 30/37
 49342 | Vaults:1 | Reached skill level 1 in Hexes
 50203 | Vaults:2 | Reached skill level 5 in Hexes
 50414 | Vaults:2 | Reached skill level 5 in Staves
 51573 | Vaults:2 | Found a staircase to the Crypt.
 51936 | Vaults:3 | Reached XP level 21. HP: 21/134 MP: 4/39
 52194 | Vaults:3 | Reached skill level 15 in Spellcasting
 52199 | Vaults:3 | Reached skill level 1 in Armour
 52199 | Vaults:3 | Reached skill level 1 in Shields
 52921 | Vaults:3 | Identified the +7 lajatang "Iwimp" {chaos, Int+4}
 54244 | Vaults:4 | Identified the ring of Ephemeral Luck {Dex+4 Slay+4}
 55268 | Elf:1    | Entered Level 1 of the Elven Halls
 55309 | Orc:2    | Killed Rupert
 55693 | Elf:1    | Paralysed by an air elemental for 1 turns
 55695 | Elf:1    | Noticed Frances
 55697 | Elf:1    | Killed Frances
 55705 | Elf:1    | Reached XP level 22. HP: 136/142 MP: 14/41
 55914 | Elf:1    | You are sucked into a shaft and drop 1 floor!
 55914 | Elf:2    | Noticed Asterion
 55919 | Elf:2    | Killed Asterion
 55920 | Elf:2    | Reached skill level 15 in Conjurations
 55981 | Elf:2    | Found Beqeoshro's Armour Shoppe.
 56045 | Elf:2    | Reached skill level 5 in Shields
 56070 | Elf:2    | Found Vakik's Firing Range.
 56083 | Elf:2    | Reached skill level 5 in Armour
 56631 | Elf:1    | Found a shimmering blue altar of Sif Muna.
 56707 | Elf:2    | Found a runed translucent door.
 56741 | Elf:2    | Found a huge runed translucent gate.
 56741 | Elf:2    | Found a huge runed translucent gate.
 56745 | Elf:2    | Found a huge runed translucent gate.
 56746 | Elf:2    | Found a huge runed translucent gate.
 56747 | Elf:2    | Found a huge runed translucent gate.
 56760 | Elf:2    | Noticed Soammui's ghost (adept MiBe)
 56890 | Elf:2    | Paralysed by an air elemental for 1 turns
 57088 | Elf:3    | Entered Level 3 of the Elven Halls
 58034 | Elf:3    | Identified the +0 pair of boots "Reeth" {Harm rC+ Regen+}
 58194 | Elf:3    | Found the +8 demon blade "Leech" {vamp, Harm Drain rN+}
 58212 | Elf:3    | Identified the +3 rapier "Uqil" {spect, Str+3 Dex+5}
 58228 | Elf:3    | Identified the +2 dagger "Dyntaytz" {vorpal, rPois}
 58234 | Elf:3    | Identified the amulet "Gulyipaj" {Regen+ Int+2}
 58245 | Elf:3    | Identified a ring "Temeesad" {rF+ MP+9}
 58257 | Elf:3    | Identified the +9 short sword of Fate {drain, *Rage rPois
                  | rC+ Str+6}
 58287 | Elf:3    | Identified the ring of Asuann {rPois rC++}
 58328 | Elf:3    | Got the Incunable of Superposition and Moulding
 58332 | Elf:3    | Learned a level 2 spell: Blink
 58340 | Elf:3    | Got the Anthology of the Geologist
 58757 | Crypt:1  | Entered Level 1 of the Crypt
 58873 | Crypt:1  | Noticed Frederick
 58878 | Crypt:1  | Killed Frederick
 58879 | Crypt:1  | Reached skill level 1 in Translocations
 59753 | Crypt:2  | Reached XP level 23. HP: 149/149 MP: 16/42
 60238 | Crypt:2  | Identified the +11 arbalest of Punishment {flame, rElec
                  | rCorr Int+4 Dex+2}
 60314 | Crypt:2  | Found a runed translucent gate.
 60343 | Crypt:2  | Noticed Osipn's ghost (veteran MiGl)
 60351 | Crypt:2  | Found a runed translucent gate.
 60352 | Crypt:2  | Found a runed translucent gate.
 60817 | Crypt:3  | Entered Level 3 of the Crypt
 61154 | Crypt:3  | Identified the ring of Atheism {rElec rPois rN+}
 61190 | Crypt:3  | Identified the ring "Deomi" {rPois rN+}
 61360 | Crypt:3  | Identified the amulet of Voeq {rC++ Regen+ Int+6 Stlth+}
 61897 | Crypt:3  | Found a staircase to the Tomb.
 61921 | Crypt:3  | Identified a ring "Peuppad" {rPois MP+9 Str+3}
 62013 | Crypt:3  | Identified the +6 scale mail of Oruhatri {Will+}
 62452 | Crypt:3  | Found an ancient bone altar of Kikubaaqudgha.
 62454 | Crypt:3  | Noticed a dread lich
 62457 | Crypt:3  | Noticed a dread lich
 62458 | Crypt:3  | Killed a dread lich
 62458 | Crypt:3  | Paralysed by a dread lich for 4 turns
 62461 | Crypt:3  | Identified the +1 sling of a wizard's laboratory {vorpal,
                  | Will- Str+5}
 62465 | Crypt:3  | Noticed an ancient lich
 62482 | Crypt:3  | Killed a dread lich
 62494 | Crypt:3  | Killed an ancient lich
 62679 | Crypt:3  | Identified the +2 robe of Taodghor {rCorr Slay+2}
 62681 | Crypt:3  | Got the Secrets of the Lungs and Mortification
 63225 | Slime:1  | Entered Level 1 of the Pits of Slime
 63460 | Slime:1  | Found a viscous altar of Jiyva.
 64220 | Slime:3  | Reached XP level 24. HP: 157/157 MP: 38/43
 65350 | Slime:5  | Entered Level 5 of the Pits of Slime
 65582 | Slime:4  | Learned a level 9 spell: Polar Vortex
 65742 | Slime:5  | Noticed the Royal Jelly
 65747 | Slime:5  | Found a viscous altar of Jiyva.
 65774 | Slime:5  | Killed the Royal Jelly
 65885 | Slime:5  | Gained mutation: You do not regenerate when monsters are
                  | visible. [a shining eye]
 65911 | Slime:5  | Got the Compilation of Mutagenic Calefaction
 65914 | Slime:5  | Identified the +1 dagger "Ceov" {vorpal, rPois Will+++
                  | Str-4 Stlth-}
 65929 | Slime:5  | Identified the +1 rapier of Mastery {venom, Drain rPois
                  | MP+9 Str+7}
 65938 | Slime:5  | Identified the +5 falchion of the Bequeathed God {holy,
                  | +Blink rC+ Str+4}
 65943 | Slime:5  | Identified the +5 hand axe of the Eleven Youths {vamp,
                  | rElec rPois Str+4 Int+4}
 65998 | Slime:5  | Got the Book of Damage Dealing and Shifting
 66000 | Slime:5  | Got a slimy rune of Zot
 66005 | Slime:5  | Identified the +1 mace of Hesaisag {vorpal, rN+ Int+2 Dex-3
                  | SInv}
 66010 | Slime:5  | Identified the +1 pair of gloves of Card Tricks {Contam
                  | Int+7}
 66322 | Lair:5   | Lost mutation: You do not regenerate when monsters are
                  | visible. [potion of mutation]
 66322 | Lair:5   | Gained mutation: You are robust. (+10% HP) [potion of
                  | mutation]
 66322 | Lair:5   | Gained mutation: Your body sometimes deteriorates upon
                  | taking damage. [potion of mutation]
 66322 | Lair:5   | Gained mutation: You possess an exceptional clarity of
                  | mind. [potion of mutation]
 66515 | Depths:1 | Entered Level 1 of the Depths
 66711 | Depths:1 | Found a one-way gate leading to the halls of Pandemonium.
 67023 | Depths:1 | Noticed a juggernaut
 67029 | Depths:1 | Killed a juggernaut
 67366 | Depths:1 | Found a gateway to Hell.
 67750 | Depths:2 | Identified the +1 robe of Limited Liability {rElec}
 67827 | Depths:2 | Found a one-way gateway to a ziggurat.
 68929 | Depths:3 | Found Cofix's Armour Shoppe.
 68929 | Depths:3 | Found Diaskic's Assorted Antiques.
 68935 | Depths:3 | You are sucked into a shaft and drop 1 floor!
 68935 | Depths:4 | Entered Level 4 of the Depths
 68942 | Depths:4 | Reached XP level 25. HP: 182/182 MP: 19/44
 68954 | Depths:4 | Paralysed by a sphinx for 3 turns
 69186 | Depths:3 | Bought a potion of brilliance for 100 gold pieces
 69186 | Depths:3 | Bought a glittering platinum ring for 125 gold pieces
 69186 | Depths:3 | Identified a ring "Birit" {MP+9 Str+2} (You bought it in a
                  | shop on level 3 of the Depths)
 69239 | Depths:3 | Got the Lessons on the Black Widow
 69330 | Depths:3 | Found a one-way gate to the infinite horrors of the Abyss.
 69865 | Depths:4 | Reached skill level 10 in Hexes
 69975 | Depths:4 | Found Rapniz's Jewellery Shop.
 70031 | Depths:4 | Found a gate to the Realm of Zot.
 70291 | Depths:3 | Bought a +1 buckler of fire resistance for 346 gold pieces
 70672 | Depths:4 | Learned a level 7 spell: Enfeeble
 70932 | Vaults:5 | Entered Level 5 of the Vaults
 70977 | Vaults:5 | Reached skill level 1 in Necromancy
 70997 | Vaults:5 | Reached XP level 26. HP: 155/191 MP: 39/45
 71024 | Vaults:5 | Found Dufaqot's Distillery.
 71033 | Vaults:5 | Shot with a bolt by a yaktaur captain

Illustrated notes

Levels and vault maps discovered:
D:1:      lightli_arrival_statue_moat, layout_rooms,
          shapermc_ecumenical_altar_venn, st_stairs_10, minmay_gold_behind_fungi
D:2:      layout_basic, minmay_ruptured
D:3:      layout_rooms, mainiacjoe_overflow_six_doors_small,
          nicolae_kite_square_tiling_tiny, guppyfry_early_orc_mine
D:4:      layout_basic, grunt_temple_overflow_bloody_war,
          mainiacjoe_overflow_tiny_flanked, st_stairs_1, uniq_ijyb
D:5:      layout_rooms, nicolae_hepliaklqana_monster_ancestors,
          chei_slow_surprise, ebering_ghost_reflecting_pool
D:6:      layout_basic
D:7:      layout_loops_ring, mainiacjoe_overflow_chevrons,
          minmay_temple_entry_junction_2, grunt_ogre_cave
D:8:      layout_basic, reono_crystal_passage
D:9:      minmay_the_grid_triangle_9x9_rhombus_thin_mashed
          [minmay_the_grid_triangle_9x9_semitri,
          minmay_the_grid_triangle_9x9_prize_schism,
          minmay_the_grid_triangle_9x9_windchime,
          minmay_the_grid_triangle_9x9_shrine], layout_loops_corners,
          nicolae_ru_the_path_less_chosen, serial_shops, nicolae_shop_trees,
          kennysheep_generic_room_10
D:10:     layout_basic, hiddenorc2_lemuel, uniq_joseph
D:11:     layout_basic, dpeg_oklobed_lair, nzn_wu_jian_contemplation
D:12:     layout_basic, gammafunk_ghost_hydra_chop, gauntlet_entry_generic,
          serial_demonic, serial_demonic_e, serial_demonic_f, serial_demonic_c,
          serial_demonic_f, serial_demonic_e, serial_demonic_a,
          serial_demonic_b, serial_demonic_c
D:13:     layout_loops_cross
D:14:     layout_roguey, david_vaults_1, chequers_decorated_corner
D:15:     gammafunk_depths_entry_grave, layout_rooms, serial_shops,
          nicolae_shop_hallway_plus
Temple:   minmay_temple_curvy_branch
Lair:1:   layout_misc_corridors, grunt_megastairs_4,
          infiniplex_staircase_pool_2, serial_bayou_shore_a
Lair:2:   layout_cellular_growth, minmay_swamp_entry_swarm, grunt_megastairs_2,
          serial_bayou_shore_b, lemuel_fruit_fields
Lair:3:   layout_gridlike, guppyfry_snake_entry_island, minivault_11
Lair:4:   layout_hall_layers, grunt_megastairs_3
Lair:5:   minmay_lair_end_frog_pond, layout_loops_ring, slime_entry_2,
          hibernation_bobbens
Swamp:1:  layout_basic_swamp, serial_swamp_ruin, evilmike_swamp_ruin_wall,
          evilmike_swamp_ruin_house_1, uniq_josephine
Swamp:2:  layout_basic_swamp, nicolae_swamp_decorative_isthmus, swamp_pool5
Swamp:3:  cheibrodos_swamp_monstrosity, layout_basic_swamp,
          portal_ice_cave_entry_ugly_swarm, evilmike_swamp_ruin_house_4
Swamp:4:  swamp_alternative, layout_basic_swamp, swamp_pool2,
          hangedman_swamp_blocks, nzn_swamp_blast_mining,
          infiniplex_staircase_pool, uniq_mlioglotl
Snake:1:  layout_misc_corridors, nicolae_snake_serpentine_hallways,
          nicolae_triple_integral
Snake:2:  layout_misc_corridors, lemuel_fruit_tree, serial_bayou_shore_b,
          minmay_shop_star, grunt_megastairs_5, uniq_aizul
Snake:3:  layout_basic, uniq_vashnia
Snake:4:  johnstein_snake_rune_scales, layout_onion_interference, serial_shops,
          shop_coins, nicolae_shop_behind_doors, shop, shop,
          nicolae_lakefront_shop, guppyfry_snake_island
Slime:1:  layout_caves, basic_altar
Slime:2:  layout_caves
Slime:3:  layout_caves
Slime:4:  layout_caves
Slime:5
Orc:1:    layout_caves, serial_shops, shop, nicolae_shop_trees,
          lightli_church_of_beogh
Orc:2:    grunt_orc_cross, layout_caves, basic_altar, mines3_lemuel,
          uniq_rupert, uniq_azrael
Elf:1:    layout_loops_ring, minmay_elf_crystal_heptagon, lemuel_upstairs_altar,
          uniq_frances
Elf:2:    elven_hall_of_blades_hangedman_alternative [mumra_blade_entry_dagger],
          layout_onion_city, serial_shops, nicolae_shop_hallway_plus,
          gammafunk_ghost_grave, corexii_leaking_fountain,
          nicolae_shop_firing_range, uniq_asterion
Elf:3:    minmay_elf_hall, layout_geoelf_diagonals
Vaults:1: hangedman_vaults_hat, dpeg_vaults_monster_box, serial_ice_h,
          nicolae_vaults_ring_of_whatevers, hangedman_vaults_corner_blocks,
          nicolae_vaults_ring_of_whatevers, v_misc_5, nicolae_vaults_asterisk,
          nicolae_vaults_little_squares_2, vaults_room_grunt_arrival_ludios,
          hangedman_vaults_pinch, ontoclasm_vaults_fault,
          layout_vaults_omnicross
Vaults:2: minmay_crypt_entry_simple_round, v_misc_17, vaults_standard_mumra_x,
          nicolae_vaults_border_crossing, nicolae_vaults_three_branches,
          vaults_dpeg_diagonal, nicolae_vaults_shelves_hall,
          hangedman_vaults_slice, layout_vaults_omnigrid
Vaults:3: ontoclasm_vaults_ring_small, nicolae_vaults_sealed_display, v_misc_22,
          v_alt_pattern_1, hangedman_vaults_stream,
          nicolae_vaults_mini_display_case, nicolae_vaults_statue_guard,
          v_pattern_5, grunt_vaults_hallway_long, hangedman_vaults_capsules,
          grunt_vaults_bifocal, ontoclasm_vaults_hangar, ontoclasm_vaults_tryst,
          ontoclasm_vaults_decontamination, layout_vaults_omnibox
Vaults:4: st_quartered_hall, hangedman_vaults_nails, vaults_mumra_minichess,
          nicolae_vaults_little_squares_5, nicolae_vaults_what_the_h,
          hangedman_vaults_variations, v_alt_pattern_6, v_pattern_2,
          vaults_room_hallway, layout_vaults_chaotic_city
Vaults:5: serial_shops
Crypt:1:  layout_regular_city, st_stairs_14, grunt_crypt_arrival_webbed,
          uniq_frederick
Crypt:2:  layout_misc_corridors, gammafunk_ghost_necromancy,
          nicolae_crypt_twisting_catacombs
Crypt:3:  quadcrypt_mu
Depths:1: layout_basic, rand_demon_pan_entry_4, bh_walls_and_bars,
          grunt_hell_entry_dis_mu, serial_bayou, serial_bayou_ford_a,
          serial_bayou_lagoon_a, serial_bayou_lake_a, serial_bayou_crossing,
          serial_bayou_shore_b, hangedman_glass_teeth,
          minmay_misc_feat_four_crosses, serial_bayou_shore_b
Depths:2: nicolae_cairo_tiling_very_big, layout_gridlike, enter_ziggurat_f,
          hangedman_abyss_or_decor_clamps, grunt_mini_vestibule,
          grunt_pan_entry_sceptre, infiniplex_staircase_spiral
Depths:3: minmay_shrinking_squares, layout_cave_pools, hell_entry,
          chequers_jeans, abyss_entry_crystal, dreamdust_wasp_nest,
          infiniplex_staircase_trident, minmay_shoptagon
Depths:4: grunt_zot_entry_alcove, layout_gridlike, hell_entry, hex_medium,
          serial_shops, nicolae_shop_hallway_plus, kennysheep_kite_vault

Skill      XL: |  1  2  3  4  5  6  7  8  9 10 11 12 13 14 15 16 17 18 19 20 21 22 23 24 25 26 |
---------------+-------------------------------------------------------------------------------+-----
Earth Magic    | 4 5 6 9 10 15 19 22 | 22.0
Spellcasting   | 3 4 6 8 9 11 12 13 14 15 16 17 18 | 18.5
Conjurations   | 1 3 4 6 8 9 10 12 14 15 | 15.0
Fighting       | 2 5 6 8 9 12 13 14 15 16 17 18 19 20 | 20.0
Dodging        | 2 4 5 6 8 |  8.0
Evocations     | 3 4 5 7 8 |  8.0
Transmutations | 2 7 8 |  8.0
Ice Magic      | 2 6 12 13 14 15 16 18 19 20 | 20.0
Staves         | 4 8 |  8.0
Hexes          | 8 12 13 | 13.0
Armour         | 4 7 8 |  8.0
Shields        | 4 7 8 |  8.0
Translocations | 2 4 |  4.0
Necromancy     | 2 3 |  3.2
Stealth        | |  2.1

Action                   |  1- 3 |  4- 6 |  7- 9 | 10-12 | 13-15 | 16-18 | 19-21 | 22-24 | 25-27 || total
-------------------------+-------+-------+-------+-------+-------+-------+-------+-------+-------++-------
Melee: Short sword       |     9 |     4 |       |       |       |       |       |       |       ||    13
       Quarterstaff      |       |       |     3 |    70 |   147 |   118 |    14 |       |       ||   352
       Sling             |       |       |       |     1 |       |       |       |       |       ||     1
       Staff             |       |       |       |       |       |   101 |   177 |   109 |    29 ||   416
       Punch             |       |       |       |       |       |     4 |     1 |       |       ||     5
 Fire: Sling             |       |    55 |    54 |   103 |   383 |   141 |       |       |       ||   736
Throw: Dart              |       |       |       |     2 |     1 |       |       |     1 |       ||     4
 Cast: Sandblast         |    38 |    73 |    36 |    30 |   136 |    71 |     3 |     2 |       ||   389
       Stone Arrow       |       |       |    86 |   197 |   409 |   191 |    28 |    40 |       ||   951
       Irradiate         |       |       |       |       |    25 |    31 |    28 |     9 |       ||    93
       Ozocubu's Refrige |       |       |       |       |    37 |   204 |   209 |   133 |    25 ||   608
       Passwall          |       |       |       |       |     1 |       |     2 |       |       ||     3
       Iron Shot         |       |       |       |       |       |   181 |   306 |   386 |    57 ||   930
       Shatter           |       |       |       |       |       |       |     2 |    31 |    27 ||    60
       Yara's Violent Un |       |       |       |       |       |       |       |    13 |     4 ||    17
       Polar Vortex      |       |       |       |       |       |       |       |     3 |     7 ||    10
Evoke: Wand              |       |       |     1 |     6 |     1 |    17 |     7 |     3 |       ||    35
       Tin of tremorston |       |       |       |       |       |       |     2 |     2 |       ||     4
       Lightning rod     |       |       |       |       |       |       |     4 |       |       ||     4
  Use: Scroll            |     7 |     4 |    11 |     9 |     7 |     8 |     2 |     2 |     4 ||    54
       Potion            |       |       |       |     1 |     1 |     4 |     3 |     3 |     2 ||    14
 Stab: Paralysed         |       |       |       |       |       |    13 |       |       |       ||    13
Armor: Robe              |     4 |     9 |    18 |     1 |       |       |       |       |       ||    32
       Troll leather arm |       |       |       |    83 |   367 |   293 |   288 |   119 |    58 ||  1208
Dodge: Dodged            |    11 |     8 |    27 |   114 |   382 |   358 |   257 |    78 |    44 ||  1279
Block: Other             |     1 |     2 |    16 |    44 |   128 |       |       |       |       ||   191
       Reflection        |       |     2 |     1 |     5 |     1 |       |       |       |       ||     9
       Buckler           |       |       |       |       |       |       |    23 |    57 |    15 ||    95
